 Dungeon Crawl Stone Soup version bcrawl-1.21.3 (webtiles) character file.

Game seed: 12340197652211057197

56 Flugslaktarn the Sneak (level 3, -5/23 HPs)
             Began as a Skeleton Archaeologist on Mar 28, 2020.
             Slain by a scorpion (6 damage)
             ... on level 2 of the Dungeon.
             The game lasted 00:01:06 (1711 turns).

Flugslaktarn the Sneak (Skeleton Archaeologist)     Turns: 1711, Time: 00:01:07

Health: -5/23      AC: 15    Str: 18    XL:     3   Next: 69%
Magic:  0/3        EV:  9    Int: 12    God:
Gold:   77         SH:  0    Dex:  7    Spells: 2/2 levels left

rFire    . . .     SeeInvis .   a - +0 whip
rCold    + . .     Gourm    .   (no shield)
rNeg     + + +     Faith    .   l - +4 chain mail
rPois    ∞         Spirit   +   c - +1 hat
rElec    .         Reflect  .   (no cloak)
rCorr    .         Harm     .   (no gloves)
MR       .....                  d - +1 pair of boots
Stlth    ..........             (no amulet)
HPRegen  0.07/turn              (no ring)
MPRegen  0.08/turn              (no ring)

@: no status effects
A: no food or potions, cold resistance 1, deterioration 1, negative energy
resistance 3, torment resistance, unbreathing, magic shield, sturdy frame 1,
spell healing
a: no special abilities


You were on level 2 of the Dungeon.
You were not hungry.

You visited 1 branch of the dungeon, and saw 2 of its levels.

You collected 77 gold pieces.

Inventory:

Hand Weapons
 a - a +0 whip (weapon)
Armour
 b - a +1 robe
 c - a +1 hat (worn)
 d - a +1 pair of boots (worn)
 l - a +4 chain mail (worn)
   (You found it on level 2 of the Dungeon)
Scrolls
 e - a scroll of magic mapping
 g - 3 scrolls of remove curse {unknown}
 h - 2 scrolls of identify {unknown}
 i - a scroll of amnesia {unknown}
 j - a scroll of enchant armour {unknown}
 k - a scroll of teleportation {unknown}
 m - a scroll of enchant weapon {unknown}
Miscellaneous
 f - a dusty tome


   Skills:
 * Level 3.2 Fighting
 + Level 1.8 Maces & Flails
 + Level 1.1 Armour
 - Level 3.0 Dodging
 - Level 3.6 Stealth


You had 2 spell levels left.
You didn't know any spells.
Your spell library was empty.

Dungeon Overview and Level Annotations

Branches:
Dungeon (2/12)

Altars:


Innate Abilities, Weirdness & Mutations

You do not eat or drink.
You are immune to poison.
Your flesh is cold resistant. (rC+)
Your body sometimes deteriorates upon taking damage.
You are immune to negative energy. (rN+++)
You are immune to unholy pain and torment.
You can survive without breathing.
When hurt, damage is shared between your health and your magic reserves.
Your movements are slightly less encumbered by armour. (ER -2)
Casting spells heals you.


Message History

The scorpion is moderately wounded.
The scorpion stings you.
* * * LOW HITPOINT WARNING * * *
You closely miss the scorpion.
The scorpion is moderately wounded.
The scorpion barely misses you.
You hit the scorpion but do no damage.
The scorpion is moderately wounded.
The scorpion barely misses you.
You hit the scorpion but do no damage.
The scorpion is moderately wounded.
The scorpion stings you.
* * * LOW HITPOINT WARNING * * *
You barely miss the scorpion.
The scorpion is moderately wounded.
The scorpion barely misses you.
You hit the scorpion.
The scorpion is heavily wounded.
The scorpion stings you.
You die...

############
........@s..##
.......####..#
....## #####.###
....####<......#
........g......##
........).......#
......s.........#
..........###...#
....#########...#


You could see a scorpion.

Vanquished Creatures
  An adder (D:2)
  An ooze (D:2)
  2 leopard geckos (D:1)
  2 ball pythons (D:2)
  7 giant cockroaches
  6 hobgoblins (D:2)
  3 jackals
  2 quokkas (D:2)
  A bat (D:2)
  A frilled lizard (D:1)
  3 goblins
  3 kobolds (D:2)
  3 rats
35 creatures vanquished.

Notes
Turn   | Place    | Note
-------+----------+-------------------------------------------
     0 | D:1      | Flugslaktarn the Skeleton Archaeologist began the quest for
                  | the Orb.
     0 | D:1      | Reached XP level 1. HP: 12/12 MP: 1/1
   500 | D:1      | Reached XP level 2. HP: 14/17 MP: 2/2
  1313 | D:2      | Reached XP level 3. HP: 9/22 MP: 3/3
  1665 | D:2      | Reached skill level 1 in Armour
  1677 | D:2      | Noticed a scorpion
  1706 | D:2      | HP: 1/23 [scorpion (1)]
  1711 | D:2      | Slain by a scorpion

Skill      XL: |  1  2  3 |
---------------+----------+-----
Fighting       | 2 3 |  3.2
Armour         | 1 |  1.1
Maces & Flails | |  1.8
Dodging        | |  3.0
Stealth        | |  3.6

Action                   || total
-------------------------++-------
Melee: Whip              ||   232
 Stab: Sleeping          ||     2
Armor: Robe              ||    18
       Chain mail        ||   120
Dodge: Dodged            ||   114
